AoeStats
← Baboon.exe

Arabia

510745573Analyzed
1v1 RM · 1d ago on Oct 2, 2026· 19m 45s· 2 players
Game mode
Random Map
Map size
Tiny (2 player)
Population
200
Speed
Normal
Resources
Standard
Victory
Conquest
Starting age
Dark Age
Ending age
Imperial Age
RankedLock teamsTeams togetherTeam positionsShared explorationLock speedFull tech treeHidden civsTurbo modeCheats
Victory
Defeat
🇬🇷 Franks · Greece
665
+31
🇨🇳 Saxons · China
681
-17
Baboon.exe
9:33 Loom
13:17 Feudal Age
15:15 Forging
15:31 Scale Barding Armor
不羡长安万户
3:03 Loom
12:34 Feudal Age
14:27 Wheelbarrow
13:37 Town Watch
13:44 Double-Bit Axe
14:29 Horse Collar
16:43 Gold Mining
Connection lost

Rejoining the realm…

Still unreachable

The connection could not be restored.

Session expired

The server has moved on; the page needs a fresh start.